Map: Abyssal Reef LE

Players

NightOwl

  • Race: Zerg Zerg
  • Spawn Location: 5:00

Minato - Winner!

  • Race: Zerg Zerg
  • Spawn Location: 11:00

Event: WCS Jonkoping 2017

VOD

Have the link to the VOD?

Description

Time

  • Played on: June 17, 2017, 6:24 a.m.
  • Length: 3:57

All games in this series

Show
View Real Time Build Order
Export as new Build Order

NightOwl Zerg 

Build Orders: Hatch First 

Get SALT Encoding   

  12  0:00  Drone  
  13  0:13  Drone  
  14  0:16  Overlord  
  14  0:22  Extractor  
  14  0:23  Drone  
  15  0:35  Drone x2  
  17  0:53  Hatchery  
  17  0:57  Drone  
  17  1:00  Drone  
  17  1:02  Extractor  
  17  1:07  Drone  
  18  1:20  Spawning Pool  
  18  1:23  Drone  
  18  1:30  Drone  
  19  1:42  Overlord  
  19  2:07  Queen x2, Zergling x4, Metabolic Boost  
  25  2:11  Drone  
  25  2:14  Drone  
  27  2:18  Drone  
  28  2:23  Drone  
  28  2:27  Drone  
  30  2:38  Baneling Nest  
  30  2:41  Drone  
  30  2:51  Hatchery  
  30  2:55  Overlord  
  30  2:57  Zergling x2  
  30  3:00  Zergling x2  
  31  3:05  Zergling x2  
  31  3:06  Zergling x2  
  31  3:07  Zergling x2  
  34  3:17  Zergling x2  
  34  3:18  Zergling x6  
  38  3:24  Overlord  
  38  3:31  Zergling x2  
  38  3:32  Zergling x6  
  42  3:36  Baneling  
  42  3:39  Zergling x2  
  42  3:40  Zergling x2  
Show
View Real Time Build Order
Export as new Build Order

Minato Zerg - Winner!

Build Orders: Hatch First 

Get SALT Encoding   

  12  0:01  Drone  
  13  0:15  Overlord  
  13  0:17  Drone  
  14  0:33  Drone x2  
  16  0:37  Drone  
  17  0:54  Hatchery  
  17  0:55  Drone  
  17  0:59  Drone  
  18  1:10  Extractor  
  17  1:15  Spawning Pool  
  17  1:17  Drone  
  17  1:20  Drone  
  18  1:30  Drone  
  19  1:42  Overlord  
  19  2:01  Queen  
  19  2:03  Zergling x4  
  19  2:07  Queen, Drone  
  26  2:09  Metabolic Boost  
  26  2:19  Drone x2  
  28  2:26  Drone  
  28  2:28  Drone  
  30  2:33  Baneling Nest  
  30  2:36  Zergling x2  
  30  2:41  Zergling x2  
  31  2:46  Zergling x2  
  31  2:50  Zergling x2  
  33  2:57  Overlord  
  33  3:11  Zergling x2  
  34  3:13  Hatchery, Zergling x4  
  34  3:17  Baneling x4  
  34  3:19  Zergling x2  
  36  3:21  Zergling x2  
  36  3:24  Zergling x2  
  38  3:28  Zergling x2  
  38  3:32  Baneling x2  
  39  3:34  Baneling  
  39  3:40  Drone x3  
Tags
 
Add a new tag
Caveats
  • Supply blocks, unpowered buildings, or Contaminate may cause inaccurate times.
  • Supply counts are checked every 10 seconds.